 Dungeon Crawl Stone Soup version 0.24.1-8-ga250c9d538 (webtiles) character file.

Game seed: 76398515666847214, levelgen mode: deterministic

11476 lepoulpe303 the Tainter (level 11, -1/61 HPs)
             Began as an Octopode Venom Mage on Apr 30, 2020.
             Was a Priest of Vehumet.
             Slain by a spiny frog (6 damage)
             ... on level 1 of the Lair of Beasts.
             The game lasted 01:18:08 (17041 turns).

lepoulpe303 the Tainter (Octopode Venom Mage)      Turns: 17041, Time: 01:18:08

Health: -1/61      AC:  1    Str:  8    XL:     11   Next: 78%
Magic:  22/22      EV: 16    Int: 21    God:    Vehumet [***...]
Gold:   527        SH:  6    Dex: 12    Spells: 4/25 levels left

rFire    x . .     SeeInvis +   a - +7 dagger (drain)
rCold    + . .     Gourm    +   d - +1 buckler
rNeg     + . .     Faith    .   (helmet restricted)
rPois    .         Spirit   .   Q - amulet of the gourmand
rElec    .         Reflect  .   S - ring of see invisible
rCorr    .         Harm     .   r - ring of stealth {Stlth+}
MR       .....                  p - ring of ice {rC+, rF-}
Stlth    ++++++....             N - ring of positive energy {rN+}
HPRegen  0.20/turn              (no ring)
MPRegen  0.18/turn              (no ring)
                                (no ring)
                                (no ring)

@: no status effects
A: almost no armour, stealthy swim, amphibious, 8 rings, constrict 8, camouflage
1, gelatinous body 1
a: Renounce Religion


You were on level 1 of the Lair of Beasts.
You worshipped Vehumet.
Vehumet was most pleased with you.
You were very full.

You visited 3 branches of the dungeon, and saw 13 of its levels.
You also visited: Bailey.

You collected 569 gold pieces.
You spent 42 gold pieces at shops.

Inventory:

Hand Weapons
 a - a +7 dagger of draining (weapon)
Missiles
 b - 31 poisoned darts (quivered)
Armour
 d - a +1 buckler (worn)
Jewellery
 p - a ring of ice (on tentacle) {rC+, rF-}
 r - a ring of stealth (right tentacle) {Stlth+}
 E - an uncursed amulet of magic regeneration {unknown}
 N - a ring of positive energy (on tentacle) {rN+}
 Q - an amulet of the gourmand (around mantle)
 S - a ring of see invisible (left tentacle)
Wands
 o - a wand of flame (5)
 x - a wand of iceblast (5)
Scrolls
 f - a scroll of fog
 g - 2 scrolls of fear
 i - a scroll of magic mapping {!r}
 k - 2 scrolls of enchant weapon
 n - 4 scrolls of summoning
 t - 2 scrolls of teleportation
 v - a scroll of immolation {!r}
 w - 2 scrolls of remove curse
 y - a scroll of enchant armour
 B - a scroll of blinking {!r}
Potions
 c - 3 potions of brilliance
 h - 2 potions of haste
 j - 3 potions of degeneration {unknown}
 l - 4 potions of heal wounds
 m - 4 potions of lignification {!q}
 q - 7 potions of curing
 s - a potion of flight {unknown}
 u - 4 potions of berserk rage {unknown}
 A - a potion of experience {unknown}
 C - a potion of invisibility {unknown}
Miscellaneous
 z - a sack of spiders
Comestibles
 e - 13 rations
 D - 4 chunks of flesh


   Skills:
 + Level 5.6 Short Blades
 + Level 6.0 Dodging
 + Level 8.5 Stealth
 - Level 4.0 Shields
 * Level 7.8 Spellcasting
 * Level 8.3 Conjurations
 + Level 4.2 Hexes
 * Level 10.4 Poison Magic


You had 4 spell levels left.
You knew the following spells:

 Your Spells              Type           Power        Failure   Level  Hunger
a - Sting                 Conj/Pois      ####         1%          1    None
b - Poisonous Vapours     Pois/Air       ####..       1%          2    None
c - Olgreb's Toxic Radia  Pois           ######..     1%          4    ###....
d - Confuse               Hex            ####....     4%          3    None
e - Venom Bolt            Conj/Pois      #####.....   1%          5    #####..
f - Flame Tongue          Conj/Fire      ####.        1%          1    None
g - Throw Flame           Conj/Fire      ####..       1%          2    None
x - Mephitic Cloud        Conj/Pois/Air  ####....     1%          3    None

Your spell library contained the following spells:

 Spells                   Type           Power        Failure   Level  Hunger
 Conjure Flame            Conj/Fire      ####....     1%          3    None
 Confusing Touch          Hex            ####..       1%          1    None
 Gell's Gravitas          Tloc           #.........   24%         3    None
 Petrify                  Tmut/Erth      #.......     63%         4    ###....
 Yara's Violent Unravell  Hex/Tmut       ###.......   24%         5    #####..
 Metabolic Englaciation   Hex/Ice        ####......   67%         5    #####..


Dungeon Overview and Level Annotations

Branches:
Dungeon (11/15)            Temple (1/1) D:5            Lair (1/6) D:8
 Bailey (visited)
    Orc: D:9-12

Altars:
Ashenzari
Cheibriados
Dithmenos
Fedhas
Gozag
Kikubaaqudgha
Makhleb
Okawaru
Qazlal
Ru
Sif Muna
Trog
Uskayaw
Vehumet
Wu Jian
Xom
Yredelemnul
Zin
The Shining One

Shops:
D:8 ?

Annotations:
D:3 1 runed translucent door, lepoulpe303's ghost, amateur DrTm
D:9 Gastronok


Innate Abilities, Weirdness & Mutations

You cannot wear most types of armour.
You are very stealthy in the water. (Stealth+)
You are amphibious.
You can wear up to eight rings at the same time.
You can use your tentacles to constrict eight enemies at once.
Your skin changes colour to match your surroundings (Stealth+).
Your rubbery body absorbs attacks. (AC +1, EV +1)


Message History

* * * LOW HITPOINT WARNING * * *
You take 2 damage, and have 17/61 hp.
You block the spiny frog's attack.
MP restored: 22 The spiny frog stings you!
* * * LOW HITPOINT WARNING * * *
You are lethally poisoned!
The spiny frog poisons you!
You take 15 damage, and have 3/61 hp.
MASSIVE DAMAGE!!
Okay, then.
Okay, then.
You feel better. The spiny frog misses you.
You regained 10 hp, and now have 13/61 hp.
The spiny frog barely misses you. The spiny frog stings you!
* * * LOW HITPOINT WARNING * * *
You take 11 damage, and have 4/61 hp.
The spiny frog stings you.
You die...

# #....#.#.#....###...#
#.##..##..###.........#.
#.........##....[.⌠...##
#.##......##..#.......##
#.........#...H.⌠...⌠.##
#..##.######..#.........
#.#..#######......⌠....P
#..........H.#.........#
#......@F...#....##.....
#...........#...##.##...
#..........##...#...##..
#..........÷..........##
#...........#...#.....
##..#.#.#####..####.##
#..#.... ..... .# #.
#.... ..>.#.# #...
.....#.#


You could see a hippogriff and a spiny frog.

Levels and vault maps discovered:
D:1:      onia_arrival_larder, layout_loops_ring
D:2:      layout_loops_ring, first_ration
D:3:      layout_loops_corners, gammafunk_ghost_grave,
          minmay_misc_feat_nine_boxes, hex_large, minmay_stone_trees_small,
          serial_bayou_pond_d, uniq_terence
D:4:      layout_gridville, serial_glass, glass_columns_c, glass_columns_a,
          glass_columns_b
D:5:      layout_loops_ring, temple_hall, basic_altar, uniq_edmund
D:6:      layout_loops_corners
D:7:      layout_basic, grunt_ogre_cave
D:8:      layout_loops_corners, david_lair_generic, serial_shops,
          nicolae_shop_stone, hangedman_decor_clover_reticule
D:9:      layout_roguey, lemuel_crystal_altar, uniq_gastronok, uniq_joseph
D:10:     layout_basic, enter_bailey_4, minmay_misc_feat_four_crosses
D:11:     layout_roguey, basic_altar, gammafunk_ghost_arena
Temple:   kilobyte_greek_temple
Lair:1:   layout_regular_city, ebering_ghost_reflecting_pool,
          serial_bayou_pond_d, grunt_megastairs_4, infiniplex_staircase_pool_2,
          uniq_fannar

Notes
Turn   | Place    | Note
-------+----------+-------------------------------------------
     0 | D:1      | lepoulpe303 the Octopode Venom Mage began the quest for the
                  | Orb.
     0 | D:1      | Reached XP level 1. HP: 11/11 MP: 3/3
   261 | D:1      | Identified a +0 dagger
   264 | D:1      | Reached XP level 2. HP: 13/17 MP: 1/5
   332 | D:1      | Learned a level 2 spell: Poisonous Vapours
   416 | D:1      | Identified a +0 spear
   424 | D:1      | Identified a +0 club
   430 | D:1      | Identified a +3 dagger
   438 | D:1      | Reached skill level 4 in Poison Magic
   481 | D:1      | Reached skill level 3 in Stealth
   481 | D:1      | Reached XP level 3. HP: 21/21 MP: 2/6
   549 | D:1      | Identified a +0 club
   549 | D:1      | Identified a +0 robe
   576 | D:1      | Identified a +0 club
   646 | D:1      | Identified a cursed +0 club
   918 | D:1      | Identified a +0 club
  1254 | D:2      | Identified a +0 club
  1404 | D:2      | Identified a +0 club
  1468 | D:2      | Identified a +0 club
  1698 | D:2      | Identified a +0 club
  1698 | D:2      | Identified a +0 hunting sling
  1728 | D:2      | Identified a +0 club
  2060 | D:3      | Reached skill level 2 in Conjurations
  2060 | D:3      | Reached XP level 4. HP: 14/27 MP: 6/8
  2065 | D:3      | Learned a level 3 spell: Mephitic Cloud
  2218 | D:3      | Identified a +0 dagger
  2258 | D:3      | Identified 4 scrolls of identify
  2258 | D:3      | Identified 2 potions of brilliance
  2259 | D:3      | Identified 2 potions of lignification
  2309 | D:3      | Identified a +0 club
  2322 | D:3      | Identified a +0 spear
  2329 | D:3      | Identified a +0 spear
  2501 | D:3      | Reached skill level 1 in Short Blades
  2501 | D:3      | Reached XP level 5. HP: 25/31 MP: 2/9
  2588 | D:3      | Identified a ring of see invisible (You found it on level 3
                  | of the Dungeon)
  2592 | D:3      | Reached skill level 3 in Spellcasting
  2690 | D:3      | Identified a +2 falchion of freezing
  2690 | D:3      | Identified a +2 scale mail of fire resistance
  2690 | D:3      | Noticed Terence
  2703 | D:3      | Killed Terence
  2857 | D:3      | Identified a +0 club
  3060 | D:3      | Found a runed translucent door.
  3060 | D:3      | Noticed lepoulpe303's ghost (amateur DrTm)
  3141 | D:3      | Identified a +0 club
  3145 | D:3      | Reached skill level 1 in Shields
  3210 | D:3      | Identified a +0 hand axe
  3210 | D:3      | Identified a +0 scale mail
  3322 | D:4      | Identified a +0 dagger
  3322 | D:4      | Identified a +0 robe
  3322 | D:4      | Identified a +0 mace
  3322 | D:4      | Identified a +0 club
  3322 | D:4      | Identified a +0 dagger
  3322 | D:4      | Identified a +0 robe
  3337 | D:3      | Reached XP level 6. HP: 16/36 MP: 6/10
  3536 | D:4      | Identified a +0 short sword
  3536 | D:4      | Identified a +0 leather armour
  3537 | D:4      | Identified a +0 dagger
  3537 | D:4      | Identified a +0 robe
  3538 | D:4      | Identified a +0 flail
  3539 | D:4      | Identified a +0 war axe
  3539 | D:4      | Identified a +1 ring mail of magic resistance
  4145 | D:4      | Reached skill level 5 in Poison Magic
  4319 | D:4      | Reached skill level 3 in Conjurations
  4342 | D:4      | Identified a +0 buckler (You found it on level 2 of the
                  | Dungeon)
  4462 | D:4      | Identified a ring of stealth (You found it on level 4 of
                  | the Dungeon)
  4696 | D:4      | Identified a +2 whip of venom
  4697 | D:4      | Identified a cursed -1 flail
  4697 | D:4      | Identified a +0 leather armour
  4697 | D:4      | Identified a +0 club
  4734 | D:4      | Reached skill level 4 in Stealth
  4792 | D:4      | Identified a +0 mace
  4823 | D:4      | Learned a level 4 spell: Olgreb's Toxic Radiance
  4957 | D:4      | Identified a ring of dexterity (You found it on level 4 of
                  | the Dungeon)
  4958 | D:4      | Identified 2 scrolls of blinking
  4959 | D:4      | Identified 2 scrolls of enchant weapon
  4960 | D:4      | Identified 2 scrolls of fear
  4961 | D:4      | Identified a scroll of random uselessness
  4962 | D:4      | Identified a scroll of immolation
  4963 | D:4      | Identified a scroll of fog
  4964 | D:4      | Identified a scroll of remove curse
  4986 | D:5      | Entered Level 5 of the Dungeon
  4995 | D:5      | Identified a +0 dagger
  4995 | D:5      | Identified a +0 robe
  4996 | D:5      | Identified a +0 hand axe
  4996 | D:5      | Identified a +0 leather armour
  4997 | D:5      | Identified a +0 leather armour
  4998 | D:5      | Identified a +0 club
  5002 | D:5      | Reached XP level 7. HP: 41/41 MP: 5/12
  5127 | D:5      | Found a shadowy altar of Dithmenos.
  5132 | D:5      | lepoulpe303: !whichgod opvm
  5132 | D:5      | meem: 39 recent wins for opvm: 13x Vehumet, 9x Gozag, 3x
                  | Ru, 3x Okawaru, 2x Kikubaaqudgha, 2x Makhleb, 2x Nemelex
                  | Xobeh, 2x Hepliaklqana, Cheibriados, Sif Muna, Yredelemnul
  5148 | D:5      | Identified a +0 shortbow
  5155 | D:5      | Reached skill level 2 in Short Blades
  5155 | D:5      | Reached skill level 3 in Dodging
  5453 | D:5      | Identified a +0 morningstar
  5453 | D:5      | Identified a +0 flail
  5453 | D:5      | Identified a +0 trident
  5457 | D:5      | Identified a cursed +0 mace
  5457 | D:5      | Identified a +0 scale mail
  5515 | D:5      | Found a staircase to the Ecumenical Temple.
  5524 | Temple   | Entered the Ecumenical Temple
  5672 | Temple   | Became a worshipper of Vehumet
  5821 | D:5      | Identified a +1 dire flail of protection
  5821 | D:5      | Identified a +0 scale mail
  5821 | D:5      | Noticed Edmund
  5891 | D:5      | HP: 6/41 [Edmund/+1 dire flail of protection (14)]
  5892 | D:5      | Killed Edmund
  6184 | D:5      | Reached skill level 4 in Spellcasting
  6221 | D:5      | Reached skill level 2 in Shields
  6604 | D:6      | Identified a +0 whip
  6604 | D:6      | Identified a +0 chain mail
  6732 | D:6      | Identified 3 potions of haste
  6812 | D:6      | Identified a +0 robe
  6817 | D:6      | Identified a +0 short sword
  6824 | D:6      | Identified a +0 dagger
  6824 | D:6      | Identified a +0 leather armour
  6887 | D:6      | Identified a +0 dagger
  6887 | D:6      | Identified a +0 robe
  6887 | D:6      | Identified a +0 dagger
  6887 | D:6      | Identified a +0 robe
  6888 | D:6      | Identified a +0 morningstar
  6888 | D:6      | Identified a cursed +0 dagger
  6888 | D:6      | Identified a +0 robe
  6897 | D:6      | Identified a +0 club
  6903 | D:6      | HP: 3/41 [orc wizard/magic dart (9)]
  6904 | D:6      | Identified 5 potions of curing
  6905 | D:6      | Reached XP level 8. HP: 12/46 MP: 4/14
  6910 | D:6      | HP: 11/46 [orc/silver boomerang (2)]
  6912 | D:6      | Identified a +0 dagger
  6912 | D:6      | Identified a +0 robe
  7207 | D:6      | Reached skill level 4 in Conjurations
  7251 | D:6      | HP: 10/46 [bullfrog (8)]
  7253 | D:6      | Reached skill level 6 in Poison Magic
  7513 | D:6      | Identified a cursed -3 shortbow
  7783 | D:6      | Identified a +0 dagger
  7783 | D:6      | Identified a +0 robe
  7783 | D:6      | Identified a +0 dagger
  7786 | D:6      | Identified a +0 club
  7903 | D:6      | Reached skill level 5 in Stealth
  8060 | D:6      | Identified a +0 dagger
  8060 | D:6      | Identified a +0 dagger
  8310 | D:6      | Identified a +0 mace
  9052 | D:7      | Identified a +0 giant club
  9074 | D:7      | Reached skill level 3 in Short Blades
  9240 | D:7      | Reached skill level 3 in Shields
  9240 | D:7      | Reached skill level 5 in Spellcasting
  9286 | D:7      | Reached skill level 5 in Conjurations
  9286 | D:7      | Reached skill level 7 in Poison Magic
  9286 | D:7      | Reached XP level 9. HP: 19/51 MP: 10/16
  9475 | D:7      | Identified a scroll of magic mapping
  9547 | D:7      | Reached skill level 4 in Dodging
  9567 | D:7      | Identified a ring of ice (You found it on level 7 of the
                  | Dungeon)
  9663 | D:7      | Learned a level 3 spell: Confuse
  9694 | D:7      | Identified a +0 giant club
 10039 | D:8      | Identified a +0 great sword
 10039 | D:8      | Identified a +0 robe
 10043 | D:8      | Identified a cursed -2 battleaxe
 10043 | D:8      | Identified a +0 robe
 10055 | D:8      | Learned a level 5 spell: Venom Bolt
 10098 | D:8      | Identified a +0 hand axe
 10098 | D:8      | Identified a +0 chain mail
 10111 | D:8      | Identified a cursed -1 battleaxe
 10111 | D:8      | Identified a +0 plate armour
 10166 | D:8      | HP: 8/51 [sky beast (5)]
 10209 | D:8      | Identified a +0 dagger
 10209 | D:8      | Identified a +0 robe
 10285 | D:8      | Identified a +0 falchion
 10305 | D:8      | Reached skill level 1 in Hexes
 10325 | D:8      | HP: 12/51 [sky beast (6)]
 10337 | D:8      | Reached * piety under Vehumet
 10337 | D:8      | Offered knowledge of Flame Tongue by Vehumet.
 10586 | D:8      | Found Qodwemn's Magic Scroll Shop.
 10596 | D:8      | Bought a scroll of teleportation for 42 gold pieces
 10716 | D:8      | Reached skill level 6 in Stealth
 10963 | D:8      | Reached skill level 6 in Conjurations
 10963 | D:8      | Reached skill level 8 in Poison Magic
 11182 | D:8      | Identified a +0 dagger
 11182 | D:8      | Identified a +0 dagger
 11182 | D:8      | Identified a +0 mace
 11182 | D:8      | Identified a +0 plate armour
 11220 | D:8      | HP: 11/51 [orc warrior/+0 mace (11)]
 11602 | D:8      | Found a staircase to the Lair.
 11798 | D:8      | Reached skill level 6 in Spellcasting
 11798 | D:8      | Reached skill level 2 in Hexes
 11798 | D:8      | Reached XP level 10. HP: 56/56 MP: 17/19
 11801 | D:8      | Learned a level 1 spell: Flame Tongue
 11997 | D:8      | Reached skill level 4 in Short Blades
 12107 | D:9      | Reached skill level 4 in Shields
 12193 | D:9      | Identified a +0 trident
 12203 | D:9      | Identified a +0 dagger
 12203 | D:9      | Identified a +0 robe
 12203 | D:9      | Identified a +0 dagger
 12203 | D:9      | Identified a +0 robe
 12205 | D:9      | Identified a +0 dagger
 12205 | D:9      | Identified a +0 robe
 12295 | D:9      | Identified a +0 dire flail
 12295 | D:9      | Identified a +0 chain mail
 12295 | D:9      | Identified a +2 dagger of speed
 12295 | D:9      | Identified a +0 ring mail
 12295 | D:9      | Identified a +0 short sword
 12295 | D:9      | Identified a +0 mace
 12761 | D:9      | Found a snail-covered altar of Cheibriados.
 12790 | D:9      | Reached skill level 7 in Stealth
 12953 | D:9      | Reached skill level 5 in Dodging
 13053 | D:9      | Identified a +2 hat
 13053 | D:9      | Noticed Gastronok
 13149 | D:9      | Identified a +0 shortbow
 13197 | D:9      | Identified an amulet of the gourmand (You found it on level
                  | 8 of the Dungeon)
 13227 | D:9      | Identified a +0 giant club
 13228 | D:9      | Identified a +0 giant club
 13233 | D:9      | Reached skill level 9 in Poison Magic
 13261 | D:9      | Identified a +0 falchion of slicing
 13261 | D:9      | Identified a +1 trident of venom
 13261 | D:9      | Identified a +2 flail of protection
 13342 | D:9      | Identified a +0 quarterstaff
 13342 | D:9      | Identified a +0 hunting sling
 13342 | D:9      | Identified a +0 ring mail
 13342 | D:9      | Noticed Joseph
 13618 | D:8      | Identified 2 scrolls of vulnerability
 13619 | D:8      | Identified a scroll of holy word
 13625 | D:8      | Identified a scroll of amnesia
 13626 | D:8      | Identified a scroll of silence
 13731 | D:9      | Killed Joseph
 13731 | D:9      | Reached skill level 7 in Conjurations
 13731 | D:9      | Reached skill level 3 in Hexes
 14067 | D:10     | Entered Level 10 of the Dungeon
 14089 | D:10     | Identified a scroll of acquirement
 14091 | D:10     | Identified a ring of positive energy (You acquired it on
                  | level 10 of the Dungeon)
 14224 | D:10     | Identified a +0 shortbow
 14255 | D:10     | Found a flagged portal.
 14255 | D:10     | Identified a +0 spear
 14255 | D:10     | Identified a +3 spear
 14255 | D:10     | Identified a +0 spear
 14255 | D:10     | Identified a +0 spear
 14255 | D:10     | Identified a +0 spear
 14258 | D:10     | Offered knowledge of Throw Flame by Vehumet.
 14258 | D:10     | Reached ** piety under Vehumet
 14262 | D:10     | Identified a +0 short sword
 14262 | D:10     | Identified a cursed +0 leather armour
 14277 | D:10     | Reached skill level 7 in Spellcasting
 14279 | D:10     | Learned a level 2 spell: Throw Flame
 14281 | Bailey   | Entered a bailey
 14346 | Bailey   | Identified a +0 hand axe
 14346 | Bailey   | Identified a +0 halberd
 14346 | Bailey   | Identified a +0 war axe
 14346 | Bailey   | Identified a +0 war axe
 14346 | Bailey   | Identified a +0 spear
 14346 | Bailey   | Identified a +0 hand axe
 14346 | Bailey   | Identified a +0 halberd
 14347 | Bailey   | Identified a +0 spear
 14347 | Bailey   | Identified a cursed +0 ring mail
 14347 | Bailey   | Identified a +0 spear
 14347 | Bailey   | Identified a +0 ring mail
 14347 | Bailey   | Identified a +0 trident
 14347 | Bailey   | Identified a cursed +0 ring mail
 14347 | Bailey   | Identified a +0 halberd
 14347 | Bailey   | Identified a +0 ring mail
 14347 | Bailey   | Identified a +0 spear
 14347 | Bailey   | Identified a +0 chain mail
 14352 | Bailey   | Reached XP level 11. HP: 61/61 MP: 15/21
 14400 | Bailey   | Identified a +0 trident
 14400 | Bailey   | Identified a cursed +0 spear
 14400 | Bailey   | Identified a +0 hand axe
 14400 | Bailey   | Identified a +0 spear
 14400 | Bailey   | Identified a +0 halberd
 14400 | Bailey   | Identified a +0 war axe
 14400 | Bailey   | Identified a +0 spear
 14401 | Bailey   | Identified a +0 spear
 14401 | Bailey   | Identified a +0 chain mail
 14401 | Bailey   | Identified a +0 trident
 14401 | Bailey   | Identified a +0 chain mail
 14401 | Bailey   | Identified a +0 glaive
 14401 | Bailey   | Identified a +3 ring mail
 14401 | Bailey   | Identified a +0 glaive
 14401 | Bailey   | Identified a +0 plate armour
 14401 | Bailey   | Identified a +0 trident
 14401 | Bailey   | Identified a +0 ring mail
 14603 | Bailey   | Identified a +0 war axe
 14603 | Bailey   | Identified a +0 hand axe
 14603 | Bailey   | Identified a +0 hand axe
 14603 | Bailey   | Identified a +0 hand axe
 14603 | Bailey   | Identified a +0 halberd
 14603 | Bailey   | Identified a +0 hand axe
 14603 | Bailey   | Identified a +0 hand axe
 14604 | Bailey   | Identified a +0 glaive
 14604 | Bailey   | Identified a +0 ring mail
 14604 | Bailey   | Noticed an orc knight
 14604 | Bailey   | Identified a +0 glaive
 14604 | Bailey   | Identified a +0 ring mail
 14604 | Bailey   | Identified a +0 halberd
 14604 | Bailey   | Identified a +0 ring mail
 14604 | Bailey   | Identified a cursed -1 glaive
 14604 | Bailey   | Identified a +0 chain mail
 14604 | Bailey   | Identified a +0 trident
 14604 | Bailey   | Identified a +0 plate armour
 14604 | Bailey   | Noticed an orc knight
 14647 | Bailey   | Reached skill level 5 in Short Blades
 14656 | Bailey   | Offered knowledge of Conjure Flame by Vehumet.
 14661 | Bailey   | Killed an orc knight
 14712 | Bailey   | Identified a +0 trident
 14712 | Bailey   | Identified a +0 scale mail
 14712 | Bailey   | Noticed an orc knight
 14751 | Bailey   | HP: 7/61 [orc knight/+0 trident (30)]
 14752 | Bailey   | Identified 5 potions of heal wounds
 14757 | Bailey   | HP: 14/61 [orc knight/+0 trident (13)]
 14766 | Bailey   | Killed an orc knight
 14971 | Bailey   | Identified a +0 glaive
 14971 | Bailey   | Identified a +0 scale mail
 14971 | Bailey   | Noticed an orc knight
 14986 | Bailey   | HP: 14/61 [orc knight/+0 glaive (20)]
 14989 | Bailey   | Killed an orc knight
 14989 | Bailey   | Reached skill level 8 in Stealth
 15044 | Bailey   | Identified a +0 glaive
 15044 | Bailey   | Identified a +0 chain mail
 15044 | Bailey   | Noticed an orc knight
 15168 | Bailey   | Identified a +0 scale mail
 15168 | Bailey   | Identified a +0 club
 15168 | Bailey   | Identified a cursed -3 club
 15197 | Bailey   | Killed an orc knight
 15197 | Bailey   | Reached skill level 10 in Poison Magic
 15339 | Bailey   | Identified a +0 glaive
 15339 | Bailey   | Identified a cursed +0 plate armour
 15339 | Bailey   | Noticed an orc knight
 15354 | Bailey   | Killed an orc knight
 15364 | Bailey   | Killed an orc knight
 15364 | Bailey   | Reached skill level 8 in Conjurations
 15364 | Bailey   | Reached skill level 4 in Hexes
 15926 | D:10     | Identified 2 scrolls of enchant armour
 15927 | D:10     | Identified a scroll of brand weapon
 15936 | D:10     | Reached *** piety under Vehumet
 15985 | D:10     | Identified a +0 dagger
 15985 | D:10     | Identified a +0 leather armour
 16134 | D:10     | Identified a cursed +5 halberd
 16134 | D:10     | Identified a +0 robe
 16134 | D:10     | Identified a cursed +4 halberd
 16134 | D:10     | Identified a +0 robe
 16135 | D:10     | Identified a +2 long sword
 16135 | D:10     | Identified a +0 robe
 16269 | D:10     | Identified a +4 short sword
 16269 | D:10     | Identified a +0 robe
 16604 | D:8      | Identified a +2 battleaxe of venom
 16604 | D:8      | Identified a +0 robe
 16702 | Lair:1   | Entered Level 1 of the Lair of Beasts
 16705 | Lair:1   | Noticed a five-headed hydra
 16711 | Lair:1   | HP: 15/61 [five-headed hydra (6)]
 16718 | Lair:1   | Killed a five-headed hydra
 16718 | Lair:1   | Reached skill level 6 in Dodging
 17026 | Lair:1   | HP: 3/61 [spiny frog (15)]
 17036 | Lair:1   | HP: 4/61 [spiny frog (11)]
 17041 | Lair:1   | Slain by a spiny frog

Table legend:
 A = Turns spent in this place as a percentage of turns spent in the entire game.
 B = Non-inter-level travel turns spent in this place as a percentage of non-inter-level travel turns spent in the entire game.
 C = Inter-level travel turns spent in this place as a percentage of turns spent in this place.
 D = Turns resting spent in this place as a percentage of non-inter-level travel turns spent in this place.
 E = Turns spent auto-exploring this place as a percentage of non-inter-level travel turns spent in this place.
 F = Non-inter-level travel turns spent in this place divided by the number of levels of this place that you've seen.
                   A       B       C       D       E      F
               +-------+-------+-------+-------+-------+----------------------
         Total | 100.0 | 100.0 |   5.1 |  39.0 |  38.9 | 1154.7
       Dungeon |  91.1 |  90.8 |   5.4 |  38.0 |  40.8 | 1334.2
        Temple |   1.1 |   0.9 |  17.5 |   0.0 |  96.0 | 151.0
          Lair |   0.7 |   0.7 |   0.8 |   0.0 |  31.9 | 119.0
        Bailey |   7.2 |   7.5 |   0.0 |  59.8 |   9.5 | 1220.0
               +-------+-------+-------+-------+-------+----------------------

Table legend:
 A = Kills in this place as a percentage of kills in entire the game.
 B = Kills by you in this place as a percentage of kills by you in the entire game.
 C = Kills by friends in this place as a percentage of kills by friends in the entire game.
 D = Other kills in this place as a percentage of other kills in the entire game.
 E = Experience gained in this place as a percentage of experience gained in the entire game.
 F = Experience gained in this place divided by the number of levels of this place that you have seen.
                   A       B       C       D       E      F
               +-------+-------+-------+-------+-------+----------------------
         Total | 100.0 | 100.0 |   N/A | 100.0 | 100.0 | 1171.1
       Dungeon |  84.5 |  84.8 |   N/A |  50.0 |  63.5 | 946.9
          Lair |   1.1 |   1.1 |   N/A |   0.0 |   8.8 | 1440.0
        Bailey |  14.4 |  14.1 |   N/A |  50.0 |  27.7 | 4539.0
               +-------+-------+-------+-------+-------+----------------------

Skill      XL: |  1  2  3  4  5  6  7  8  9 10 11 |
---------------+----------------------------------+-----
Poison Magic   | 4 5 7 8 9 10 | 10.4
Stealth        | 3 4 5 6 7 8 |  8.5
Conjurations   | 2 3 5 6 7 8 |  8.3
Short Blades   | 1 2 3 4 5 |  5.6
Spellcasting   | 3 4 5 6 7 |  7.8
Shields        | 1 2 3 4 |  4.0
Dodging        | 3 4 5 6 |  6.0
Hexes          | 2 3 4 |  4.2

Action                   |  1- 3 |  4- 6 |  7- 9 | 10-12 || total
-------------------------+-------+-------+-------+-------++-------
Melee: Constrict         |     9 |    14 |    26 |    30 ||    79
       Unarmed           |     1 |       |       |       ||     1
       Dagger            |    43 |    51 |   112 |   226 ||   432
       Tentacles         |     6 |     6 |    18 |    29 ||    59
Throw: Dart              |     2 |     2 |       |       ||     4
 Cast: Sting             |    35 |    85 |   129 |    39 ||   288
       Poisonous Vapours |       |     4 |    48 |    52 ||   104
       Mephitic Cloud    |       |     1 |     2 |    19 ||    22
       Venom Bolt        |       |       |     2 |     1 ||     3
       Flame Tongue      |       |       |       |    14 ||    14
       Olgreb's Toxic Ra |       |       |       |     7 ||     7
       Confuse           |       |       |       |     4 ||     4
       Throw Flame       |       |       |       |    22 ||    22
Evoke: Wand              |       |       |     6 |     2 ||     8
       Sack of spiders   |       |       |       |     3 ||     3
  Use: Scroll            |       |    10 |     2 |    11 ||    23
       Potion            |       |       |     2 |     3 ||     5
 Stab: Sleeping          |    10 |     4 |    11 |    20 ||    45
       Confused          |       |       |       |    11 ||    11
  Eat: Chunk             |     3 |    10 |    15 |    33 ||    61
       Ration            |       |       |     2 |     1 ||     3
Armor: Skin              |    10 |     2 |     8 |    11 ||    31
Dodge: Dodged            |    43 |    28 |   103 |   104 ||   278
Block: Buckler           |       |       |    11 |    30 ||    41

Vanquished Creatures
  A hydra (Lair:1)
  6 orc knights (Bailey)
  3 centaur zombies
  Joseph (D:9)
  A spiny frog (Lair:1)
  A troll (D:9)
  2 hippogriffs (D:8)
  A yak (D:8)
  A wyvern (D:9)
  Edmund (D:5)
  2 water moccasins (D:10)
  5 sky beasts
  4 black bears
  2 ice beasts
  4 ogres
  10 orc warriors
  4 centaurs
  5 crocodiles
  8 bullfrogs
  5 scorpions
  7 wights
  5 howler monkeys
  A crimson imp (D:6)
  A bullfrog zombie (D:3)
  3 hounds
  12 orc wizards
  6 orc priests
  2 jellies
  Terence (D:3)
  6 iguanas
  4 worker ants
  A hound skeleton (D:7)
  A worker ant zombie (D:5)
  5 gnolls
  6 adders
  3 shadow imps
  An ooze (D:6)
  3 worms
  2 dart slugs
  3 leopard geckos
  66 orcs
  6 giant cockroaches
  12 goblins
  8 hobgoblins
  7 jackals
  3 kobolds
  6 quokkas
  2 ball pythons
  8 bats
  6 frilled lizards
  A leopard gecko zombie (D:5)
  A quokka skeleton (D:9)
  12 rats
278 creatures vanquished.
